 Dungeon Crawl Stone Soup version 0.21-a0-417-g0adc95b (webtiles) character file.

38 sagitran the Charlatan (level 3, -7/20 HPs)
             Began as a Kobold Artificer on Nov 3, 2017.
             Killed themself with a badly aimed fireball (13 damage)
             ... on level 2 of the Dungeon.
             The game lasted 00:06:00 (1187 turns).

sagitran the Charlatan (Kobold Artificer)           Turns: 1187, Time: 00:06:01

Health: -7/20      AC:  4    Str:  9    XL:     3   Next: 65%
Magic:  6/6        EV: 15    Int: 12    God:
Gold:   68         SH:  0    Dex: 16    Spells: 2/2 levels left

rFire    . . .     SeeInvis .   a - +0 short sword
rCold    . . .     Gourm    .   (shield restricted)
rNeg     . . .     Faith    .   b - +0 leather armour
rPois    .         Spirit   .   g - +0 helmet
rElec    .         Reflect  .   (no cloak)
rCorr    .         Harm     .   (no gloves)
MR       .....                  (no boots)
Stlth    ++........             (no amulet)
HPRegen  0.06/turn              (no ring)
MPRegen  0.10/turn              (no ring)

@: no status effects
A: carnivore 3
a: no special abilities


You were on level 2 of the Dungeon.
You were very full.

You visited 1 branch of the dungeon, and saw 2 of its levels.

You collected 68 gold pieces.

Inventory:

Hand Weapons
 a - a +0 short sword (weapon)
Armour
 b - a +0 leather armour (worn)
 g - a +0 helmet (worn)
Wands
 c - a wand of flame (12/48)
 d - a wand of enslavement (15/24)
 e - a wand of random effects (14/48)
Scrolls
 h - 3 scrolls of identify {unknown}
 i - a scroll of amnesia {unknown}
 k - a scroll of teleportation {unknown}
 m - a scroll of fog {unknown}
 n - a scroll of enchant armour {unknown}
Potions
 o - a potion of flight {unknown}
Comestibles
 f - 2 meat rations
 j - 7 chunks of flesh
 l - a royal jelly


   Skills:
 + Level 1.1 Fighting
 + Level 2.2 Short Blades
 + Level 3.0 Dodging
 + Level 1.7 Stealth
 + Level 4.5 Evocations


You had 2 spell levels left.
You didn't know any spells.

Dungeon Overview and Level Annotations

Branches:
Dungeon (2/15)

Altars:
Trog


Innate Abilities, Weirdness & Mutations

You are small and have problems with some larger weapons.
You are carnivorous and can eat meat at any time.


Message History

Press: ? - help, Shift-Dir - straight line, f - frilled lizard
Aim: a frilled lizard (chance to defeat MR: 75%)
Okay, then.
Evoke which item? (* to show all) (? for menu, Esc to quit)
Aiming: Random Effects
Press: ? - help, Shift-Dir - straight line, f - kobold
Aim: a kobold (moderately wounded)
The puff of flame hits the kobold.
You kill the kobold!
This wand has 14 charges left.
The frilled lizard closely misses you.
Evoke which item? (* to show all) (? for menu, Esc to quit)
Aiming: Random Effects
Press: ? - help, Shift-Dir - straight line, f - frilled lizard
Aim: a frilled lizard The fireball explodes!
The fireball engulfs the frilled lizard.
You kill the frilled lizard!
The fireball engulfs you!
Ouch! That really hurt!
You die...

#.# .. #.# ##.####
#.# ...... #.#
#...# ### #.#
#.K.# # ##.###.#
####...#.##
#......#
#.........#.
##.#####
####..._.......
#.#
#.....@†.....##
#.# #.#####...####
#.# ####.#####...#
#.# #............#
#.#
##.##...........
#.#
##...#########.###
#.###.....## .#
#.##.......# .#
#.............


You could see a kobold.

Vanquished Creatures
  3 dart slugs
  A leopard gecko (D:2)
  A giant cockroach (D:1)
  7 goblins
  6 hobgoblins
  2 kobolds
  A quokka (D:2)
  2 frilled lizards (D:2)
  5 rats
28 creatures vanquished.

Notes
Turn   | Place    | Note
-------+----------+-------------------------------------------
     0 | D:1      | sagitran the Kobold Artificer began the quest for the Orb.
     0 | D:1      | Reached XP level 1. HP: 12/12 MP: 3/3
   440 | D:1      | Reached XP level 2. HP: 16/16 MP: 4/4
   495 | D:1      | Reached skill level 4 in Evocations
   665 | D:1      | Reached XP level 3. HP: 17/20 MP: 6/6
  1163 | D:2      | Found a bloodstained altar of Trog.
  1187 | D:2      | Killed themself with a badly aimed fireball

Vault maps used:
D:1:      dpeg_arrival_chase, hangedman_decor_slide_cut, minmay_misc_feat_room
D:2:      bloody_trog

Skill      XL: |  1  2  3 |
---------------+----------+-----
Evocations     | 4 |  4.5
Short Blades   | 2 |  2.2
Dodging        | 3 |  3.0
Fighting       | |  1.1
Stealth        | |  1.7

Action                   || total
-------------------------++-------
Melee: Short sword       ||   115
Evoke: Wand              ||     4
 Stab: Sleeping          ||     5
  Eat: Chunk             ||     8
Armor: Leather armour    ||    24
Dodge: Dodged            ||    78

Table legend:
 A = Spawn XP
 B = Non-spawn XP
 C = Spawn XP percentage of total XP
 D = Spawn monster count
 E = Non-spawn monster count
 F = Spawn count percentage of total count
 G = Total turns spent on level
                    A         B        C        D         E        F      G
               +---------+---------+-------+---------+---------+-------+---------
         Total |       0 |      55 |   0.0 |       0 |      28 |   0.0 |  1187
               +---------+---------+-------+---------+---------+-------+---------
           D:1 |       0 |      30 |   0.0 |       0 |      15 |   0.0 |   876
           D:2 |       0 |      25 |   0.0 |       0 |      13 |   0.0 |   311
               +---------+---------+-------+---------+---------+-------+---------
